 Dungeon Crawl Stone Soup version 0.21-a0-104-g7b58145 (webtiles) character file.

220832 Leszczynek the Brawler (level 18, 182/182 HPs)
             Began as a Troll Hunter on July 5, 2017.
             Was the Champion of Okawaru.
             Quit the game on level 1 of the Vaults on July 6, 2017.
             The game lasted 01:53:16 (21386 turns).

Leszczynek the Brawler (Troll Hunter)              Turns: 21386, Time: 01:53:16

Health: 182/182    AC: 15    Str: 27    XL:     18   Next: 5%
Magic:  22/22      EV: 22    Int: 10    God:    Okawaru [******]
Gold:   329        SH: 22    Dex: 16    Spells: 5/17 levels left

rFire    . . .     SeeInvis .     - Unarmed
rCold    . . .     Gourm    +   O - +0 large shield
rNeg     . . .     Faith    .   s - +3 troll leather armour {Snorg}
rPois    .         Spirit   .   y - +2 hat
rElec    .         Reflect  +   p - +0 cloak
rCorr    .         Harm     .   (gloves unavailable)
MR       ++...                  (boots unavailable)
Stlth    +.........             Z - amulet "Lezoshropoett" {Reflect Str+2 Int+3 SH+2}
HPRegen  1.20/turn              h - ring of protection from magic
MPRegen  0.18/turn              D - +6 ring of evasion

@: no status effects
A: unfitting armour, claws 3, thin metallic scales 1, fast metabolism 3,
gourmand, mutation resistance 1, regeneration 1, shaggy fur 1, tough skin 2
}: 2/15 runes: decaying, serpentine
a: Heroism, Finesse, Renounce Religion


You were on level 1 of the Vaults.
You worshipped Okawaru.
Okawaru was exalted by your worship.
You were not hungry.

You visited 7 branches of the dungeon, and saw 33 of its levels.
You also visited: Labyrinth.

You collected 3064 gold pieces.
You spent 2735 gold pieces at shops.

Inventory:

Hand Weapons
 b - a +6 blowgun
Missiles
 c - 29 large rocks
 f - 2 throwing nets
 m - 46 tomahawks (quivered)
 q - 4 silver javelins {god gift}
 E - 8 steel javelins {god gift}
 H - 7 needles of frenzy {god gift}
 J - 7 curare-tipped needles {god gift}
 K - 2 needles of paralysis
 N - 7 needles of confusion {god gift}
Armour
 k - the +2 troll leather armour "Jecemmem" {god gift, *Corrode rPois rF++ Regen+}
   (Okawaru gifted it to you on level 13 of the Dungeon)

   It greatly protects you from fire.
   It protects you from poison.
   It increases your rate of regeneration.
   It may corrode you when you take damage.
 p - a +0 cloak (worn)
 s - a +3 troll leather armour (worn) {Snorg}
 y - a +2 hat (worn)
 O - a +0 large shield (worn)
Jewellery
 h - a ring of protection from magic (left claw)
 D - a +6 ring of evasion (right claw)
 R - an uncursed ring of protection from cold
 S - an uncursed ring of protection from fire
 Z - the amulet "Lezoshropoett" (around neck) {Reflect Str+2 Int+3 SH+2}
   (You bought it in a shop on level 2 of the Orcish Mines)

   [amulet of reflection]

   It shields you and reflects attacks.
   It affects your strength (+2).
   It affects your intelligence (+3).
   It affects your SH (+2).
Wands
 i - a wand of digging (20/24)
 j - a wand of confusion (27/48)
 x - a wand of paralysis (12/24)
 z - a wand of acid (9/15)
 G - a wand of iceblast (4/15)
 T - a wand of iceblast (7/15)
 U - a wand of clouds (2/9)
Scrolls
 a - 2 scrolls of fear
 e - 16 scrolls of remove curse {@r2}
 l - 3 scrolls of fog
 r - 5 scrolls of identify {@r1}
 t - a scroll of vulnerability {!r}
 u - 12 scrolls of teleportation
 L - a scroll of blinking
 M - 7 scrolls of enchant armour
 Y - 3 scrolls of magic mapping
Potions
 g - 2 potions of flight
 o - 5 potions of lignification {!q}
 v - 11 potions of curing {@q1}
 w - 3 potions of cancellation
 B - 4 potions of might
 C - a potion of invisibility
 F - a potion of resistance
 I - 3 potions of agility
 P - 2 potions of ambrosia
 Q - 3 potions of mutation {!q}
 V - 2 potions of heal wounds {@q2}
 X - 3 potions of haste
Comestibles
 d - 24 bread rations
 n - 14 meat rations
 A - 27 fruits
 W - 11 chunks of flesh


   Skills:
 - Level 12.0 Fighting
 * Level 13.2 Throwing
 - Level 10.1 Dodging
 - Level 0.3 Stealth
 + Level 13.1 Shields
 + Level 16.7 Unarmed Combat
 - Level 7.3 Invocations


You had 5 spell levels left.
You knew the following spells:

 Your Spells              Type           Power        Failure   Level  Hunger
a - Confusing Touch       Hex            #.....       54%         1    ##.....
b - Ozocubu's Armour      Chrm/Ice       #.......     88%         3    ####...
c - Passwall              Tmut/Erth      #.........   67%         2    ###....
d - Passage of Golubria   Tloc           N/A          99%         4    #####..
P - Swiftness             Chrm/Air       #.......     67%         2    ###....


Dungeon Overview and Level Annotations

Branches:
Dungeon (15/15)            Temple (1/1) D:5            Lair (6/6) D:8
  Swamp (4/4) Lair:3        Snake (4/4) Lair:3        Slime (0/5) Lair:6
    Orc (2/2) D:12            Elf (0/3) Orc:2        Vaults (1/5) D:14
 Depths: D:15

Altars:
Ashenzari
Cheibriados
Dithmenos
Elyvilon
Fedhas
Gozag
Hepliaklqana
Kikubaaqudgha
Makhleb
Nemelex Xobeh
Okawaru
Qazlal
Ru
Sif Muna
Trog
Uskayaw
Vehumet
Wu Jian
Xom
Yredelemnul
Zin
The Shining One
Beogh

Shops:
D:15 [   Orc:2 :***   Snake:4 }}=**!%

Annotations:
D:3 Grinder
D:7 Joseph
D:14 vaults
Swamp:2 Nikola


Innate Abilities, Weirdness & Mutations

You are too large for most types of armour.
You have claws for hands.
Your metabolism is lightning-fast.
You like to eat raw meat.
Your natural rate of healing is unusually fast.
You are covered in fur. (AC +1)
You have very tough skin. (AC +2)
You are partially covered in thin metallic scales. (AC +2)
You are somewhat resistant to further mutation.


Message History

You insert the decaying rune into the lock.
With a loud hiss the gate opens wide!
You go down through the gate.
Welcome to the Vaults!
This branch contains the silver rune of Zot.
Found 21 stones.
There is a gate leading back out of this place here.
Char dumped successfully.
Save game and exit?
Welcome back, Leszczynek the Troll Hunter.
Okawaru says: Bring me glory in combat!
Press ? for a list of commands and other information.
Save game and exit?
Welcome back, Leszczynek the Troll Hunter.
Okawaru says: Bring me glory in combat!
Press ? for a list of commands and other information.
Save game and exit?
Welcome back, Leszczynek the Troll Hunter.
Okawaru says: Bring me glory in combat!
Press ? for a list of commands and other information.
Are you sure you want to abandon this character and quit the game? (Confirm with "yes".)

#########
#.......#
#.......+
#..@....+
#.......#
#....(..#
#.......#
+.......#
#.......#
#.......#
#########


There were no monsters in sight!

Vanquished Creatures
  the Lernaean hydra (Swamp:4)
  Jorgrun (Swamp:2)
  Agnes (Snake:4)
  11 nagarajas
  The ghost of 4thArraOfDagon the Brawler, a journeyman TrWn of Wu Jian (Orc:2)
  An ettin (D:15)
  Snorg (Lair:6)
  A minotaur (Lab)
  24 hydras
  Fannar (Lair:3)
  3 vault guards (D:14)
  9 naga warriors
  An ogre mage (D:15)
  12 anacondas
  2 catoblepae (Lair:6)
  8 two-headed ogres
  3 centaur warriors
  A tengu warrior (D:15)
  A death yak (D:8)
  A death knight (D:12)
  11 alligators
  8 naga sharpshooters
  5 shock serpents
  8 orc high priests (Orc:2)
  Sonja (D:12)
  6 salamander mystics
  2 sea snakes (Snake:4)
  4 skeletal warriors
  3 spriggan druids
  The ghost of 4thArraOfDagon the Summoner, a novice DgSu (D:8)
  3 shambling mangroves (Swamp:1)
  A deep troll (D:15)
  9 swamp dragons
  Pikel (D:4)
  3 orc knights
  3 naga ritualists (Snake:4)
  A lindwurm (Lair:6)
  4 ugly things
  A necromancer (D:14)
  2 orc sorcerers (D:14)
  10 deep elf magi
  3 cyclopes
  3 mana vipers
  6 salamanders
  5 manticores
  2 centaur zombies
  5 guardian serpents
  15 elephants
  9 naga magi
  4 gargoyles
  21 black mambas
  4 centaur skeletons
  27 spiny frogs
  Psyche (D:10)
  9 kobold demonologists
  A rime drake (shapeshifter) (D:12)
  A freezing wraith (D:12)
  8 komodo dragons
  3 rime drakes (Lair:6)
  4 red devils (D:13)
  7 trolls
  A polar bear (Lair:4)
  7 tyrant leeches
  14 hornets
  A hornet (shapeshifter) (D:15)
  14 blink frogs
  6 hippogriffs
  A hippogriff (shapeshifter) (D:15)
  3 slime creatures (D:12)
  11 bog bodies
  A meliai zombie (D:13)
  A vampire (D:12)
  A wraith (D:12)
  A shadow (Swamp:2)
  39 yaks
  14 spriggans
  3 hogs (D:7)
  A human (D:7)
  2 hungry ghosts
  7 basilisks
  Edmund (D:4)
  15 vampire mosquitoes
  7 wargs
  18 insubstantial wisps
  57 nagas
  19 swamp worms
  11 water moccasins
  A soldier ant (D:13)
  4 porcupines
  A hornet zombie (D:11)
  14 swamp drakes
  15 orc warriors
  2 ice beasts
  A sky beast (D:13)
  An eye of draining (D:13)
  A necrophage (D:9)
  A phantom (D:7)
  13 wolves
  11 ogres
  9 centaurs
  11 crocodiles
  9 big kobolds
  9 bullfrogs
  A wyvern skeleton (D:12)
  4 scorpions
  6 killer bees (D:12)
  9 wights
  A howler monkey (D:10)
  An electric eel (Lair:4)
  11 crimson imps
  A bullfrog zombie (D:13)
  10 hounds
  34 orc priests
  5 jellies
  A bullfrog skeleton (D:12)
  An iguana (D:7)
  Terence (D:2)
  20 orc wizards
  3 hell rats (Lair:2)
  5 worker ants
  2 yak simulacra (D:14)
  4 wolf simulacra (D:14)
  2 hound zombies
  A hound skeleton (D:5)
  2 gnolls (D:1)
  A howler monkey skeleton (D:5)
  A worker ant zombie (D:8)
  7 adders
  3 river rats (Lair:2)
  4 shadow imps
  4 oozes
  An adder zombie (D:7)
  An adder skeleton (D:7)
  2 dart slugs
  5 leopard geckos
  82 orcs
  2 ball pythons (D:2)
  5 giant cockroaches
  4 goblins (D:2)
  3 hobgoblins
  9 jackals
  4 quokkas
  A ball python skeleton (D:4)
  6 bats
  A frilled lizard (D:3)
  A giant cockroach zombie (D:5)
  23 kobolds
  A leopard gecko zombie (D:5)
  8 rats
  5 river rat simulacra (D:14)
  A plant (Swamp:4)
978 creatures vanquished.

Vanquished Creatures (others)
  An alligator (Swamp:4)
  A naga mage (Snake:4)
  A tyrant leech (Swamp:3)
  A vampire mosquito (Swamp:1)
  2 swamp worms
  A swamp drake (Swamp:4)
  An adder (D:4)
  2 orcs (Orc:2)
  10 fungi
  5 plants
25 creatures vanquished.

Grand Total: 1003 creatures vanquished

Notes
Turn   | Place    | Note
-------+----------+-------------------------------------------
     0 | D:1      | Leszczynek the Troll Hunter began the quest for the Orb.
     0 | D:1      | Reached XP level 1. HP: 19/19 MP: 0/0
    85 | D:1      | Reached skill level 1 in Unarmed Combat
   125 | D:1      | Reached XP level 2. HP: 27/27 MP: 1/1
   201 | D:1      | Reached skill level 2 in Unarmed Combat
   561 | D:1      | Reached XP level 3. HP: 12/33 MP: 2/2
   614 | D:2      | Reached skill level 3 in Unarmed Combat
   749 | D:2      | Found an ancient bone altar of Kikubaaqudgha.
   772 | D:2      | Noticed Terence
   779 | D:2      | Killed Terence
   779 | D:2      | Reached XP level 4. HP: 41/41 MP: 3/3
   918 | D:2      | Reached skill level 4 in Unarmed Combat
  1049 | D:3      | Noticed Grinder
  1430 | D:4      | Reached XP level 5. HP: 46/48 MP: 4/4
  1501 | D:4      | Noticed Edmund
  1510 | D:4      | Killed Edmund
  1510 | D:4      | Reached skill level 5 in Unarmed Combat
  1555 | D:4      | Noticed Pikel
  1556 | D:4      | Noticed a slave
  1558 | D:4      | Noticed a slave
  1558 | D:4      | Noticed a slave
  1576 | D:4      | Killed Pikel
  1576 | D:4      | Reached skill level 8 in Unarmed Combat
  1576 | D:4      | Reached XP level 6. HP: 34/55 MP: 5/5
  1576 | D:4      | Reached XP level 7. HP: 39/62 MP: 6/6
  1762 | D:5      | Entered Level 5 of the Dungeon
  1854 | D:5      | Reached skill level 2 in Fighting
  2115 | D:5      | Found a staircase to the Ecumenical Temple.
  2124 | Temple   | Entered the Ecumenical Temple
  2289 | D:5      | Learned a level 1 spell: Confusing Touch
  2366 | D:6      | Reached skill level 3 in Fighting
  2382 | D:6      | Found a shattered altar of Ashenzari.
  2436 | D:6      | Found a shadowy altar of Dithmenos.
  2503 | D:6      | Reached XP level 8. HP: 75/75 MP: 7/7
  2982 | D:6      | Reached skill level 4 in Fighting
  3010 | D:6      | Found a blossoming altar of Fedhas.
  3152 | D:7      | Found a stormy altar of Qazlal.
  3152 | D:7      | Found a glowing golden altar of the Shining One.
  3153 | D:7      | Found a burning altar of Makhleb.
  3170 | D:7      | Found a hide-covered altar of Uskayaw.
  3260 | D:7      | Found an iron altar of Okawaru.
  3272 | D:7      | Became a worshipper of Warmaster Okawaru
  3303 | D:7      | Reached skill level 4 in Throwing
  3303 | D:7      | Reached skill level 9 in Unarmed Combat
  3438 | D:8      | Noticed a death yak
  3500 | D:7      | Noticed Joseph
  3782 | D:7      | Reached skill level 2 in Dodging
  3790 | D:7      | Reached skill level 5 in Fighting
  3797 | D:7      | Reached * piety under Okawaru
  3797 | D:7      | Reached XP level 9. HP: 77/88 MP: 8/8
  3860 | D:7      | Reached skill level 3 in Dodging
  3860 | D:7      | Reached skill level 10 in Unarmed Combat
  3930 | D:8      | Found a sparkling altar of Nemelex Xobeh.
  3956 | D:8      | Killed a death yak
  3956 | D:8      | Reached ** piety under Okawaru
  4012 | D:8      | Found a staircase to the Lair.
  4029 | D:8      | Reached skill level 6 in Fighting
  4044 | D:8      | Reached skill level 4 in Dodging
  4066 | D:8      | Reached skill level 11 in Unarmed Combat
  4127 | D:8      | Noticed a two-headed ogre
  4139 | D:8      | Killed a two-headed ogre
  4139 | D:8      | Reached *** piety under Okawaru
  4139 | D:8      | Reached XP level 10. HP: 99/100 MP: 6/9
  4166 | D:8      | Noticed 4thArraOfDagon's ghost (novice DgSu)
  4175 | D:8      | Killed 4thArraOfDagon's ghost
  4176 | D:8      | Noticed a two-headed ogre
  4181 | D:8      | Killed a two-headed ogre
  4181 | D:8      | Received a gift from Okawaru
  4181 | D:8      | Reached skill level 5 in Throwing
  4343 | D:8      | Reached skill level 5 in Dodging
  4360 | D:8      | Reached skill level 7 in Fighting
  4406 | D:8      | Reached **** piety under Okawaru
  4488 | D:9      | Received a gift from Okawaru
  4582 | D:9      | Reached skill level 1 in Invocations
  4856 | D:10     | Entered Level 10 of the Dungeon
  4954 | D:10     | Reached skill level 2 in Invocations
  4969 | D:10     | Reached skill level 3 in Invocations
  4976 | D:10     | Reached skill level 4 in Invocations
  5237 | D:10     | Noticed Psyche
  5243 | D:10     | Killed Psyche
  5243 | D:10     | Reached skill level 5 in Invocations
  5243 | D:10     | Reached XP level 11. HP: 104/109 MP: 10/13
  5513 | D:11     | Reached skill level 6 in Invocations
  5611 | D:11     | Reached ***** piety under Okawaru
  5611 | D:11     | Reached skill level 7 in Invocations
  5644 | D:11     | Reached skill level 6 in Throwing
  5661 | D:11     | Noticed a four-headed hydra
  5665 | D:11     | Killed a four-headed hydra
  5666 | D:11     | Noticed a two-headed ogre
  5677 | D:11     | Killed a two-headed ogre
  5782 | D:11     | Received a gift from Okawaru
  5787 | D:11     | Reached skill level 7 in Throwing
  5820 | D:11     | Noticed a soul eater
  5823 | D:11     | HP: 18/109 [soul eater/drain life[a kobold demonologist] (7)]
  5825 | D:11     | Gained mutation: You are partially covered in thin metallic scales. (AC +2) [potion of mutation]
  5825 | D:11     | Gained mutation: You are somewhat resistant to further mutation. [potion of mutation]
  6098 | D:12     | Noticed a cyan ugly thing
  6110 | D:12     | Killed a cyan ugly thing
  6110 | D:12     | Reached skill level 6 in Dodging
  6172 | D:12     | Received a gift from Okawaru
  6172 | D:12     | Reached skill level 8 in Throwing
  6172 | D:12     | Reached XP level 12. HP: 41/119 MP: 13/16
  6381 | D:11     | Noticed a two-headed ogre
  6388 | D:11     | Killed a two-headed ogre
  6388 | D:11     | Reached skill level 8 in Fighting
  6425 | D:12     | Noticed Sonja
  6428 | D:11     | no nono nono
  6518 | Lair:1   | Entered Level 1 of the Lair of Beasts
  6624 | Lair:1   | Noticed a four-headed hydra
  6630 | Lair:1   | Killed a four-headed hydra
  6668 | Lair:1   | Received a gift from Okawaru
  7141 | Lair:2   | Received a gift from Okawaru
  7324 | Lair:2   | Reached skill level 12 in Unarmed Combat
  7513 | Lair:3   | Received a gift from Okawaru
  7531 | Lair:3   | Found a staircase to the Snake Pit.
  7543 | Lair:3   | Reached skill level 7 in Dodging
  7730 | Lair:3   | Noticed Fannar
  7738 | Lair:3   | Killed Fannar
  7738 | Lair:3   | Received a gift from Okawaru
  7741 | Lair:3   | Got a brightly glowing robe {god gift}
  7752 | Lair:3   | Identified the +0 robe of Feogygh {god gift, MR+} (Okawaru gifted it to you on level 3 of the Lair of Beasts)
  7804 | Lair:4   | Noticed an eight-headed hydra
  7816 | Lair:4   | Noticed an eight-headed hydra
  7826 | Lair:4   | Killed an eight-headed hydra
  7979 | Lair:4   | Reached skill level 9 in Fighting
  8054 | Lair:4   | Reached skill level 13 in Unarmed Combat
  8091 | Lair:4   | Noticed an eight-headed hydra
  8098 | Lair:4   | Killed an eight-headed hydra
  8098 | Lair:4   | Reached XP level 13. HP: 104/131 MP: 14/17
  8827 | Lair:3   | Found a staircase to the Swamp.
  8879 | Lair:5   | Reached skill level 8 in Dodging
  9055 | Lair:5   | Reached skill level 9 in Throwing
  9069 | Lair:5   | Received a gift from Okawaru
  9268 | Lair:6   | Entered Level 6 of the Lair of Beasts
  9285 | Lair:6   | Received a gift from Okawaru
  9289 | Lair:6   | Reached ****** piety under Okawaru
  9338 | Lair:6   | Received a gift from Okawaru
  9459 | Lair:6   | Noticed Snorg
  9470 | Lair:6   | Killed Snorg
  9470 | Lair:6   | Received a gift from Okawaru
  9618 | Lair:6   | Reached skill level 10 in Throwing
  9767 | Lair:6   | Found a staircase to the Slime Pits.
  9961 | Lair:6   | Reached skill level 10 in Fighting
 10192 | Lair:6   | Reached XP level 14. HP: 106/143 MP: 12/18
 10205 | Lair:6   | Reached skill level 9 in Dodging
 10239 | Lair:6   | Reached skill level 11 in Throwing
 10292 | Lair:6   | Received a gift from Okawaru
 11099 | D:12     | Received a gift from Okawaru
 11165 | D:12     | Killed Sonja
 11290 | D:12     | Found a staircase to the Orcish Mines.
 11382 | Orc:1    | Entered Level 1 of the Orcish Mines
 11392 | Orc:1    | Found a shimmering altar of Xom.
 11601 | Orc:1    | oops
 11753 | Orc:2    | Entered Level 2 of the Orcish Mines
 11815 | Orc:2    | Found a staircase to the Elven Halls.
 11912 | Orc:2    | Found a labyrinth entrance.
 11925 | Lab      | Entered a labyrinth
 11926 | Lab      | my FAVOURITE location in the game
 11995 | Lab      | good spawn for once
 12060 | Lab      | Learned a level 3 spell: Ozocubu's Armour
 12301 | Orc:1    | Found a roughly hewn altar of Beogh.
 12378 | Orc:2    | Reached skill level 12 in Throwing
 12411 | Orc:2    | Found a roughly hewn altar of Beogh.
 12510 | Orc:2    | Reached skill level 14 in Unarmed Combat
 12523 | Orc:2    | Received a gift from Okawaru
 12581 | Orc:2    | Found Zuetrar's Assorted Antiques.
 12581 | Orc:2    | Found Ciduet's General Store.
 12594 | Orc:2    | Bought a potion of haste for 170 gold pieces
 12594 | Orc:2    | Bought a potion of curing for 51 gold pieces
 12793 | Orc:2    | Found a roughly hewn altar of Beogh.
 12806 | Orc:2    | since when there are deep elf mages in this vault
 12879 | Orc:2    | Found Lumpakeu's Book Emporium.
 12879 | Orc:2    | Found Kogodwutz's Assorted Antiques.
 12893 | Orc:2    | Bought a potion of curing for 96 gold pieces
 12893 | Orc:2    | Bought a scroll of blinking for 240 gold pieces
 12893 | Orc:2    | Bought a potion of cancellation for 256 gold pieces
 12893 | Orc:2    | Bought a scroll of magic mapping for 112 gold pieces
 12925 | Orc:2    | Bought a clouded crystal amulet for 165 gold pieces
 12925 | Orc:2    | Bought a scroll of teleportation for 99 gold pieces
 12925 | Orc:2    | Bought a shiny wooden ring for 165 gold pieces
 12925 | Orc:2    | Identified the amulet "Lezoshropoett" {Reflect Str+2 Int+3 SH+2} (You bought it in a shop on level 2 of the Orcish Mines)
 12980 | Orc:2    | nice shield
 12990 | Orc:2    | on a fucking deep elf
 12990 | Orc:2    | how does he even cast anything with it
 13028 | Orc:2    | Reached skill level 1 in Shields
 13035 | Orc:2    | Noticed 4thArraOfDagon's ghost (journeyman TrWn)
 13058 | Orc:2    | Killed 4thArraOfDagon's ghost
 13058 | Orc:2    | Reached skill level 2 in Shields
 13418 | D:13     | Reached skill level 3 in Shields
 13620 | D:13     | Received a gift from Okawaru
 13632 | D:13     | Got a faintly humming troll leather armour {god gift}
 13643 | D:13     | Identified the +2 troll leather armour "Jecemmem" {god gift, *Corrode rPois rF++ Regen+} (Okawaru gifted it to you on level 13 of the Dungeon)
 13643 | D:13     | hmmmmmmmmmmmmmmmmmmmmmmmmmmmmmmmmmmmmmmmm
 13643 | D:13     | i'm sold
 13643 | D:13     | literally end game
 13643 | D:13     | ah, *corrode
 13643 | D:13     | that's bad then
 13716 | D:13     | Reached skill level 4 in Shields
 13827 | D:13     | Reached XP level 15. HP: 152/152 MP: 19/19
 13994 | D:12     | Paralysed by a hornet for 1 turns
 14110 | D:14     | Found a burning altar of Makhleb.
 14253 | D:14     | i've made a mistake
 14263 | D:14     | Reached skill level 5 in Shields
 14710 | D:15     | Entered Level 15 of the Dungeon
 14785 | D:15     | Reached skill level 6 in Shields
 14793 | D:15     | Found Lihopux's Armour Shop.
 14820 | D:15     | +1 TLA {Regen+ Dex+7} in the shop
 15133 | D:15     | Reached skill level 7 in Shields
 15318 | D:15     | Received a gift from Okawaru
 15634 | Swamp:1  | Entered Level 1 of the Swamp
 15707 | Swamp:1  | Reached skill level 8 in Shields
 15714 | Swamp:1  | Identified the Reference Book on the Shifting Frostbite
 15731 | Swamp:1  | Learned a level 2 spell: Passwall
 15853 | Swamp:1  | Received a gift from Okawaru
 15917 | Swamp:2  | Noticed Jorgrun
 15927 | Swamp:2  | Killed Jorgrun
 15927 | Swamp:2  | Reached skill level 9 in Shields
 16070 | Swamp:1  | Reached skill level 10 in Shields
 16363 | Swamp:1  | Received a gift from Okawaru
 16489 | Swamp:2  | Received a gift from Okawaru
 16517 | Swamp:2  | Reached XP level 16. HP: 151/161 MP: 20/20
 16739 | Swamp:2  | Noticed Nikola
 16787 | Swamp:4  | Entered Level 4 of the Swamp
 16872 | Swamp:3  | Received a gift from Okawaru
 17083 | Swamp:3  | Reached skill level 15 in Unarmed Combat
 17213 | Swamp:4  | Learned a level 2 spell: Swiftness
 17265 | Swamp:4  | Reached skill level 11 in Fighting
 17576 | Swamp:4  | Received a gift from Okawaru
 17607 | Swamp:4  | Got an ichor-stained robe {god gift}
 17618 | Swamp:4  | Identified the +0 robe "Hinic" {god gift, rElec rPois Regen+ Stlth+} (Okawaru gifted it to you on level 4 of the Swamp)
 17618 | Swamp:4  | hm
 17813 | Swamp:4  | Noticed the 27-headed Lernaean hydra
 17820 | Swamp:4  | Killed the 27-headed Lernaean hydra
 17874 | Swamp:4  | Got a decaying rune of Zot
 17907 | Swamp:4  | Learned a level 4 spell: Passage of Golubria
 18213 | Snake:1  | Entered Level 1 of the Snake Pit
 18250 | Snake:1  | Reached skill level 16 in Unarmed Combat
 18261 | Snake:1  | Reached skill level 11 in Shields
 19133 | Snake:4  | Entered Level 4 of the Snake Pit
 19140 | Snake:4  | Reached XP level 17. HP: 172/172 MP: 21/21
 19244 | Snake:4  | Found Hyagh's Distillery.
 19252 | Snake:4  | Bought a potion of ambrosia for 144 gold pieces
 19252 | Snake:4  | Bought a potion of resistance for 180 gold pieces
 19252 | Snake:4  | Bought a potion of haste for 180 gold pieces
 19252 | Snake:4  | Bought a potion of might for 72 gold pieces
 19252 | Snake:4  | Bought a potion of haste for 180 gold pieces
 19252 | Snake:4  | Bought a potion of heal wounds for 90 gold pieces
 19252 | Snake:4  | Bought a potion of curing for 54 gold pieces
 19252 | Snake:4  | Bought 2 potions of heal wounds for 180 gold pieces
 19252 | Snake:4  | Bought a potion of curing for 54 gold pieces
 19256 | Snake:4  | Noticed Agnes
 19266 | Snake:4  | Killed Agnes
 19478 | Snake:2  | Received a gift from Okawaru
 19547 | Snake:2  | Reached skill level 12 in Fighting
 19647 | Snake:4  | Found Fipa's Food Shoppe.
 19673 | Snake:4  | Found Juina's General Store.
 19673 | Snake:4  | Found Baappoaxt's Jewellery Boutique.
 19674 | Snake:4  | Found Bupulest's Assorted Antiques.
 19676 | Snake:4  | Found Toeda's Gadget Boutique.
 19687 | Snake:4  | Bought a potion of curing for 45 gold pieces
 19687 | Snake:4  | Bought a scroll of magic mapping for 52 gold pieces
 19690 | Snake:4  | Bought a scroll of fog for 38 gold pieces
 19693 | Snake:4  | Bought a scroll of enchant armour for 112 gold pieces
 19783 | Snake:4  | Found Jeimopt's Gadget Boutique.
 19804 | Snake:4  | Found Bial's Armour Shoppe.
 19890 | Snake:4  | Reached skill level 10 in Dodging
 19945 | Snake:4  | HP: 11/172 [naga warrior/scimitar (26)]
 20119 | Snake:4  | Reached skill level 12 in Shields
 20216 | Snake:4  | Received a gift from Okawaru
 20302 | Snake:4  | Received a gift from Okawaru
 20399 | Snake:4  | Received a gift from Okawaru
 20430 | Snake:4  | Received a gift from Okawaru
 20554 | Snake:4  | Got a serpentine rune of Zot
 20711 | Snake:4  | Reached skill level 13 in Throwing
 20714 | Snake:4  | Received a gift from Okawaru
 20759 | Snake:4  | Reached skill level 13 in Shields
 21290 | D:14     | Received a gift from Okawaru
 21290 | D:14     | Reached XP level 18. HP: 182/182 MP: 22/22
 21363 | D:14     | Found a gate to the Vaults.
 21385 | Vaults:1 | Entered Level 1 of the Vaults
 21386 | Vaults:1 | Quit the game

Vault maps used:
D:1:      tarquinn_simple_flora_water_c, minmay_close_crescents
D:2:      lemuel_round_altar, first_bread, uniq_terence, uniq_crazy_yiuf_cottage
D:3:      uniq_grinder
D:4:      uniq_edmund, uniq_pikel
D:5:      minmay_temple_entry_fiery, kennysheep_potato
D:6:      minmay_flawed_box, lemuel_doored_altar, fedhas_altar_2, serial_shops,
          shop, grunt_decor_fettered, nicolae_dithmenos_shadow_blocks
D:7:      nicolae_overflow_quartered_altars, lemuel_coloured_pillars_altar,
          grunt_livestock, uniq_joseph
D:8:      david_lair_generic, basic_altar
D:10:     uniq_psyche
D:11:     grunt_ministairs_12, minmay_misc_feat_tower, st_stairs_4,
          kennysheep_generic_room_7
D:12:     erik_orc_1, uniq_sonja
D:13:     einodemon_armed_red_devil_minivault
D:14:     grunt_vaults_entry_fortified, basic_altar, eino_house_with_fridge
D:15:     hangedman_depths_entry_civil_slaughter, serial_shops,
          nicolae_shop_waterfront
Temple:   eino_narrow_crystal_temple
Lair:2:   eino_small_chamber_without_monster, kennysheep_abandoned_house
Lair:3:   minmay_swamp_entry_worms, dummy_snake_entry, st_stairs_5,
          beast_lair_carwin_3, uniq_fannar
Lair:4:   beast_lair_carwin_large_2, grunt_megastairs_3,
          infiniplex_staircase_pool
Lair:5:   minivault_27, kennysheep_basilisk_garden
Lair:6:   hangedman_lair_in_review, nicolae_slime_entry_slimehenge,
          st_stairs_12, uniq_snorg
Swamp:1:  hangedman_swamp_blocks
Swamp:2:  evilmike_swamp_ruin_rubble_2, uniq_nikola, uniq_aizul, uniq_jorgrun,
          uniq_roxanne
Swamp:3:  nicolae_swamp_orc_logging_accident
Swamp:4:  grunt_swamp_rune_castle
Snake:2:  spider_trap, st_stairs_7, stair_cage_wide, grunt_megastairs_5,
          serial_bayou_shore_b, lemuel_fruit_tree
Snake:4:  johnstein_snake_rune_scales, serial_shops, nicolae_shop_statue_plus,
          shop, shop, shop, st_stairs_6, serial_bayou_pond_c, minmay_shoptagon,
          serial_bayou_shore_b, uniq_agnes
Orc:1:    basic_altar, david_defended_altar_orc
Orc:2:    st_orc_town, lab_entry_generic, basic_altar, elves_outpost_lemuel
Vaults:1: v_misc_3, nicolae_vaults_mini_display_case,
          hangedman_vaults_stretched_pinwheel, hangedman_vaults_stream,
          nicolae_vaults_windows_and_doors_thing, v_misc_8, st_cells,
          nicolae_vaults_big_ls, hangedman_vaults_impose
Lab:      labyrinth_mini_lab, nicolae_lab_starburst, nicolae_lab_lava,
          nicolae_lab_flowing_pool, labyrinth_skeletal_remains

Skill      XL: |  1  2  3  4  5  6  7  8  9 10 11 12 13 14 15 16 17 |
---------------+----------------------------------------------------+-----
Unarmed Combat | 1 2 3 4 8 9 11 13 14 16 | 16.7
Fighting       | 3 5 6 7 9 10 11 12 | 12.0
Throwing       | 4 5 8 10 12 13 | 13.2
Dodging        | 2 4 5 6 7 8 9 10 | 10.1
Invocations    | 5 7 |  7.3
Shields        | 4 10 11 13 | 13.1
Stealth        | |  0.3

Action                   |  1- 3 |  4- 6 |  7- 9 | 10-12 | 13-15 | 16-18 || total
-------------------------+-------+-------+-------+-------+-------+-------++-------
Melee: Unarmed           |    69 |    70 |   270 |   555 |  1297 |  1025 ||  3286
       Punch             |     1 |     2 |     9 |    45 |    63 |       ||   120
 Fire: Blowgun           |       |       |       |       |       |     1 ||     1
Throw: Large rock        |     4 |     2 |     5 |    15 |    73 |    14 ||   113
       Tomahawk          |       |       |       |    19 |    48 |   107 ||   174
       Javelin           |       |       |       |       |     1 |       ||     1
Invok: Heroism           |       |       |     3 |    21 |    38 |    26 ||    88
       Finesse           |       |       |       |     1 |     4 |     6 ||    11
Evoke: Wand              |       |       |       |     2 |     3 |     2 ||     7
  Use: Scroll            |       |     2 |     6 |    11 |    19 |    11 ||    49
       Potion            |       |       |       |     5 |     1 |     6 ||    12
 Stab: Sleeping          |       |       |     1 |     2 |       |     1 ||     4
       Paralysed         |       |       |       |       |     5 |       ||     5
       Distracted        |       |       |       |       |     3 |     1 ||     4
       Confused          |       |       |       |       |     2 |     3 ||     5
  Eat: Chunk             |    12 |     7 |    24 |    42 |    78 |    37 ||   200
Armor: Robe              |    30 |    23 |    61 |    81 |    31 |       ||   226
       Troll leather arm |       |       |       |       |   190 |    97 ||   287
Dodge: Dodged            |    29 |    32 |   161 |   424 |   918 |   473 ||  2037
Block: Large shield      |       |       |       |       |   490 |  1026 ||  1516
       Other             |       |       |       |       |     1 |       ||     1
       Reflection        |       |       |       |       |    17 |    73 ||    90
